 Dungeon Crawl Stone Soup version 0.28.0-53-g5a82cb258f (webtiles) character file.

Game seed: 14820591874336764166

2 Descartes the Shield-Bearer (level 1, 18/18 HPs)
             Began as a Formicid Fighter on July 29, 2022.
             Was a Follower of Zin.
             Got out of the dungeon alive.
             The game lasted 00:00:39 (74 turns).

Descartes the Shield-Bearer (Formicid Fighter)        Turns: 74, Time: 00:00:39

Health: 18/18      AC:  6    Str: 20    XL:     1   Next: 33%
Magic:  1/1        EV:  9    Int:  7    God:    Zin [*.....]
Gold:   0          SH:  4    Dex: 10    Spells: 0/0 levels left

rFire   . . .      SeeInvis +   a - +0 war axe
rCold   . . .      Faith    .   c - +0 buckler
rNeg    . . .      Spirit   .   b - +0 scale mail
rPois   .          Reflect  .   (helmet unavailable)
rElec   .          Harm     .   (no cloak)
rCorr   .          Rampage  .   (no gloves)
Will    .....                   (no boots)
Stlth   ..........              (no amulet)
HPRegen 0.06/turn               (no ring)
MPRegen 0.07/turn               (no ring)

@: no status effects
A: permanent stasis, dig shafts and tunnels, antennae 3, four strong arms
a: Dig, Shaft Self, Renounce Religion, Recite, Donate Gold


You escaped.
You worshipped Zin.
Zin was aware of your devotion.
You visited 1 branch of the dungeon, and saw 1 of its levels.

Inventory:

Hand Weapons
 a - a +0 war axe (weapon)
Armour
 b - a +0 scale mail (worn)
 c - a +0 buckler (worn)
Potions
 d - a potion of might


   Skills:
 + Level 3.3 Fighting
 + Level 2.0 Axes
 + Level 0.0(1.1) Maces & Flails
 + Level 0.0(1.1) Polearms
 + Level 3.3 Armour
 + Level 3.6 Shields
 + Level 0.0 Translocations


You couldn't memorise any spells.
You didn't know any spells.
Your spell library was empty.

Dungeon Overview and Level Annotations

Branches:
Dungeon (1/15)

Altars:
Zin


Innate Abilities, Weirdness & Mutations

You cannot be hasted, slowed, berserked, paralysed or teleported.
You can dig through walls and to a lower floor.
You have a pair of large antennae on your head. (SInv)
Your four strong arms can wield two-handed weapons with a shield.


Message History

The rat barely misses you. x2
You barely miss the rat.
The rat is severely wounded.
The rat bites you.
You completely miss the rat.
The rat is severely wounded.
The rat closely misses you. The rat barely misses you.
You closely miss the rat.
The rat is severely wounded.
The rat barely misses you.
You hit the rat.
You kill the rat!
No reachable target in view!
HP restored.
You sense a monster nearby.
No reachable target in view!
You open the door.
A rat comes into view.
Found a faded altar of an unknown god.
There is an open door here.
You slash the rat!
You kill the rat!
No target in view!
No target in view!
No target in view!
No target in view!
No target in view!
No target in view!
No target in view!
No target in view!
There is a faded altar of an unknown god here.
You cannot tell which god this altar belongs to.
Convert to them anyway?
Zin accepts your prayer! Zin welcomes you!
You can now donate money to Zin.
You can now recite Zin's Axioms of Law.
You can't go up here!
There is an open door here.
There is a staircase leading out of the dungeon here.
Are you sure you want to leave the Dungeon?
This will make you lose the game!
You have escaped!

.#...# #....#.###
......≈≈≈
....≈≈≈≈≈
#.#.≈≈≈≈≈
#.#.≈≈≈≈≈
##########.#.≈≈###
#@.......#....≈#..
#.######.#†....'._
#.#.$.{#.#....≈#..
#.#.)??#....##≈###
#.#$.{g#..#.#≈≈≈≈≈
#.#.).g#..#.#≈≈≈≈≈
#.######....#≈≈≈≈≈
#...(.......###≈≈≈
##.....#..# #.##


There were no monsters in sight!

Vanquished Creatures
  A ball python (D:1)
  2 rats (D:1)
3 creatures vanquished.

Notes
Turn   | Place    | Note
-------+----------+-------------------------------------------
     0 | D:1      | Descartes the Formicid Fighter began the quest for the Orb.
     0 | D:1      | Reached XP level 1. HP: 18/18 MP: 1/1
    50 | D:1      | Found a faded altar of an unknown god.
    55 | D:1      | Prayed at the altar of an unknown god.
    55 | D:1      | Became a worshipper of Zin the Law-Giver
    55 | D:1      | Reached * piety under Zin
    74 | D:$      | Got out of the dungeon alive.

Illustrated notes

Levels and vault maps discovered:
D:1:      evilmike_arrival_come_back, layout_loops_ring,
          nicolae_ecumenical_lake_church

Action                   || total
-------------------------++-------
Melee: War axe           ||    12
Armor: Scale mail        ||     5
Dodge: Dodged            ||    11
Block: Buckler           ||     5
